 Dungeon Crawl Stone Soup version 0.19-a0-1107-gc676ff4 (webtiles) character file.

671 JustSomeDude the Skirmisher (level 7, -3/54 HPs)
             Began as a Demonspawn Fighter on Aug 9, 2016.
             Was a Follower of Uskayaw.
             Killed by divine providence
             ... invoked by an orc priest
              (14 damage)
             ... on level 5 of the Dungeon.
             The game lasted 00:12:02 (4229 turns).

JustSomeDude the Skirmisher (Demonspawn Fighter)    Turns: 4229, Time: 00:12:02

Health: -3/54      AC: 13    Str: 18    XL:     7   Next: 32%
Magic:  7/7        EV:  8    Int: 10    God:    Uskayaw [*.....]
Gold:   332        SH:  9    Dex: 12    Spells: 0 memorised, 6 levels left

rFire  . . .     SeeInvis +     a - +0 war axe
rCold  . . .     Gourm    .     d - +4 scale mail {rPois}
rNeg   . . .     Faith    .     c - +0 shield
rPois  +         Spirit   .     (helmet restricted)
rElec  .         Dismiss  .     (no cloak)
rCorr  .         Reflect  .     (no gloves)
SustAt .         Harm     .     (no boots)
MR     .....                    (no amulet)
Stlth  ..........               (no ring)
                                v - ring of see invisible

@:
A: antennae 2, yellow scales 1, powered by death 1
a: Stomp, Renounce Religion


You were on level 5 of the Dungeon.
You worshipped Uskayaw.
Uskayaw was noncommittal.
You were hungry.

You visited 1 branch of the dungeon, and saw 5 of its levels.

You collected 332 gold pieces.

Inventory:

Hand Weapons
 a - a +0 war axe (weapon)
 y - a +0 battleaxe of freezing
Armour
 c - a +0 shield (worn)
 d - a +4 scale mail of poison resistance (worn)
Jewellery
 v - a ring of see invisible (left hand)
Wands
 m - a wand of flame (29/48)
 o - a wand of slowing (28/48)
 w - a wand of paralysis (14/24)
 z - a wand of iceblast (15/15)
Scrolls
 e - 3 scrolls of teleportation {unknown}
 g - 3 scrolls of identify
 h - a scroll of blinking {unknown}
 i - 3 scrolls of recharging
 j - 3 scrolls of remove curse {unknown}
 k - a scroll of amnesia {unknown}
 r - 3 scrolls of random uselessness {unknown}
 s - a scroll of noise {unknown}
 x - a scroll of fog {unknown}
 A - a scroll of enchant weapon {unknown}
 C - a scroll of enchant armour {unknown}
Potions
 l - a potion of brilliance {unknown}
 n - 2 potions of degeneration {unknown}
 p - 2 potions of heal wounds {unknown}
 q - 2 potions of agility {unknown}
 u - a potion of flight {unknown}
 B - a potion of curing {unknown}
 D - a potion of berserk rage {unknown}
Comestibles
 f - 3 bread rations
 t - a meat ration
 E - a beef jerky


   Skills:
 + Level 4.2 Fighting
 + Level 3.8 Axes
 + Level 4.2 Armour
 + Level 3.0 Dodging
 + Level 0.8 Stealth
 + Level 4.2 Shields


You had 6 spell levels left.
You didn't know any spells.

Dungeon Overview and Level Annotations

Branches:
Dungeon (5/15)
 Temple: D:4-7

Altars:
Gozag
Kikubaaqudgha
Qazlal
Uskayaw
The Shining One
Beogh

Shops:
D:4 *


Innate Abilities, Weirdness & Mutations

You have a pair of antennae on your head.
You are partially covered in yellow scales. (AC +2)
You regenerate a little health from kills.


Message History

The orc hits you.
You barely miss the orc. The orc hits you but does no damage.
The orc priest miscasts a cantrip.
You barely miss the orc. The orc closely misses you.
The orc priest mumbles some strange prayers to Beogh against you.
Beogh smites you! The orc closely misses you.
You slash the orc!
You kill the orc!
The orc priest mumbles some strange prayers to Beogh against you.
Beogh smites you!
* * * LOW HITPOINT WARNING * * *
Okay, then.
Your shield and scale mail prevent you from hitting the orc.
The orc hits you but does no damage.
You hit the orc but do no damage. The orc hits you but does no damage.
The orc barely misses you.
You closely miss the orc. You block the orc's attack.
The orc priest calls down the wrath of Beogh upon you.
Beogh smites you!
You die...

#.. #.. #.# #.
#.. #.# #.. #..
.# ..## ##.. .#
...## #... .##
### ...# ##...
..#####.## .o#
##....
##.......## #o#
####....#
#######..## #@#
##.......#
##..## #.#
##........# ###
##..####.#
##..###....#
##.###
##..##..# #..##
#....# .....#
##.....# ##.##
#....# ###..##
#....## #.##
##...#
##..######...##
#.# #....
#..........##
#.# ##....
#..........#
#.## #.....


You could see an orc priest and an orc.

Vanquished Creatures
  A centaur (D:5)
  A scorpion (D:5)
  A crimson imp (D:5)
  A centaur skeleton (D:5)
  A jelly (D:5)
  2 orc priests
  Terence (D:2)
  3 orc wizards (D:5)
  3 worker ants
  A hound skeleton (D:4)
  Robin (D:2)
  6 adders
  An ooze (D:3)
  A worm (D:2)
  A dart slug (D:1)
  7 giant geckos
  9 orcs
  2 giant cockroaches (D:3)
  15 goblins
  10 hobgoblins
  14 jackals
  A quokka (D:3)
  4 ball pythons
  7 bats
  A giant gecko skeleton (D:4)
  6 giant newts
  A jackal skeleton (D:4)
  7 kobolds
  8 rats
117 creatures vanquished.

Notes
Turn   | Place    | Note
-------+----------+-------------------------------------------
     0 | D:1      | JustSomeDude the Demonspawn Fighter began the quest for the Orb.
     0 | D:1      | Reached XP level 1. HP: 18/18 MP: 1/1
    89 | D:1      | Gained mutation: You have a pair of small antennae on your head. [demonic ancestry]
    89 | D:1      | Reached XP level 2. HP: 18/24 MP: 2/2
   259 | D:2      | Noticed Terence
   288 | D:2      | Killed Terence
   288 | D:2      | Gained mutation: You are partially covered in yellow scales. (AC +2) [demonic ancestry]
   288 | D:2      | Reached XP level 3. HP: 5/29 MP: 3/3
   288 | D:2      | Reached skill level 1 in Dodging
   555 | D:1      | Reached XP level 4. HP: 33/35 MP: 4/4
  1192 | D:2      | Noticed Robin
  1207 | D:2      | Killed Robin
  1773 | D:3      | Gained mutation: You have a pair of antennae on your head. [demonic ancestry]
  1773 | D:3      | Reached XP level 5. HP: 27/41 MP: 5/5
  1949 | D:3      | Found a glowing golden altar of the Shining One.
  2514 | D:4      | Found Sejo's Assorted Antiques.
  2694 | D:4      | Found a stormy altar of Qazlal.
  2879 | D:4      | Found a roughly hewn altar of Beogh.
  3100 | D:4      | Found an ancient bone altar of Kikubaaqudgha.
  3107 | D:4      | Found a hide-covered altar of Uskayaw.
  3400 | D:4      | Became a worshipper of Uskayaw the Reveler
  3446 | D:3      | Reached * piety under Uskayaw
  3483 | D:4      | Reached XP level 6. HP: 48/48 MP: 6/6
  3488 | D:5      | Entered Level 5 of the Dungeon
  3497 | D:5      | Reached ** piety under Uskayaw
  3501 | D:5      | Reached *** piety under Uskayaw
  3505 | D:5      | Reached **** piety under Uskayaw
  3914 | D:5      | Gained mutation: You regenerate a little health from kills. [demonic ancestry]
  3914 | D:5      | Reached XP level 7. HP: 41/54 MP: 7/7
  4165 | D:5      | Found an opulent altar of Gozag.
  4229 | D:5      | Killed from afar by an orc priest

Vault maps used:
D:1:      tarquinn_simple_flora_water_e, minmay_surrounded
D:2:      uniq_robin, uniq_terence
D:3:      nicolae_overflow_hidden_temple
D:4:      minitemple, lemuel_round_altar, serial_shops,
          nicolae_shop_competitors_out_of_business, kennysheep_orc_chapel
D:5:      first_bread, nicolae_gozag_seed_capital

Skill      XL: |  1  2  3  4  5  6  7 |
---------------+----------------------+-----
Axes           | 2 3 |  3.8
Armour         | 3 4 |  4.2
Dodging        | 1 2 3 |  3.0
Shields        | 3 4 |  4.2
Fighting       | 4 |  4.2
Stealth        | |  0.8

Action                   |  1- 3 |  4- 6 |  7- 9 || total
-------------------------+-------+-------+-------++-------
Melee: War axe           |    78 |   294 |    42 ||   414
Invok: Stomp             |       |     1 |       ||     1
       Line Pass         |       |     1 |       ||     1
  Use: Potion            |     1 |       |       ||     1
       Scroll            |       |     1 |     2 ||     3
 Stab: Paralysed         |       |     3 |       ||     3
  Eat: Chunk             |       |     9 |     1 ||    10
       Pizza             |       |     1 |       ||     1
Armor: Scale mail        |    76 |   161 |    17 ||   254
Dodge: Dodged            |    43 |   117 |    13 ||   173
Block: Shield            |    56 |   148 |    18 ||   222
